MWL
QUAD CITIES ANGELS @ WAUSAU TIMBERS
08/14/1982
 
TOP OF THE 1ST
Quad Cities Angels batting - Pitching for Wausau Timbers : RHP Mario Duran
Pitching: RHP Mario Duran
Batting: SHB Frank Diaz 0-0: Ground out 4-3 (Groundball, 4, EV 82.5 MPH)
Batting: RHB Rolando Roomes 0-0: Fly out, F7 (Flyball, 78M, EV 93.1 MPH)
Batting: RHB Dionisio DeJesus 0-0: Called Strike
0-1: Ball
1-1: Ball
2-1: Ground out 4-3 (Groundball, 4M, EV 87.5 MPH)
Top of the 1st over - 0 runs, 0 hits, 0 errors, 0 left on base; Quad Cities 0 - Wausau 0
BOTTOM OF THE 1ST
Wausau Timbers batting - Pitching for Quad Cities Angels : LHP Mike Foster
Pitching: LHP Mike Foster
Batting: SHB Herman Lewis 0-0: SINGLE (Line Drive, 8RS, EV 105.6 MPH)
Batting: LHB Rodney Nealeigh 0-0: Ball
1-0: Ball
2-0: Foul Ball, location: 2F
2-1: Called Strike
2-2: Strikes out swinging
Batting: RHB Rich Renteria 0-0: Ball
1-0: Called Strike
1-1: Ball
2-1: Fly out, F7 (Flyball, 7, EV 89.4 MPH)
Batting: LHB Tom M Foley 0-0: Called Strike
0-1: Ball
1-1: Swinging Strike
1-2: SINGLE (Line Drive, 34D, EV 100.0 MPH)
Herman Lewis to second
Runner from 2nd tries for 3rd, SAFE, throw by RF made to third
Batting: RHB Douglas Davis 0-0: Ball
1-0: Ball
2-0: Ball
3-0: Base on Balls
Tom M Foley to second
Batting: SHB James Flores 0-0: Swinging Strike
0-1: Ball
1-1: Ball
2-1: Ball
3-1: Foul Ball, location: 2F
3-2: SINGLE (Groundball, 56, EV 109.4 MPH) (infield hit)
Herman Lewis scores
Tom M Foley to third
Douglas Davis to second
Batting: RHB Jeffrey Young 0-0: Ball
1-0: Called Strike
1-1: Ball
2-1: Ball
3-1: Called Strike
3-2: Base on Balls
Tom M Foley scores
Douglas Davis to third
James Flores to second
Batting: RHB Bruce Chaney 0-0: Swinging Strike
0-1: Ball
1-1: Ball
2-1: Foul Ball, location: 2F
2-2: Ball
3-2: Ground out 5-3 (Groundball, 5, EV 83.1 MPH)
Bottom of the 1st over - 2 runs, 3 hits, 0 errors, 3 left on base; Quad Cities 0 - Wausau 2
TOP OF THE 2ND
Quad Cities Angels batting - Pitching for Wausau Timbers : RHP Mario Duran
Batting: LHB Bob Helsom 0-0: Ball
1-0: Ball
2-0: Ball
3-0: Base on Balls
Batting: LHB Chuck Sandberg 0-0: Called Strike
0-1: Grounds into double play, 4-6-3 (Groundball, 4, EV 88.1 MPH)
Batting: RHB Mike Sharperson 0-0: Called Strike
0-1: Called Strike
0-2: Ball
1-2: Ground out 6-3 (Groundball, 6M, EV 89.4 MPH)
Top of the 2nd over - 0 runs, 0 hits, 0 errors, 0 left on base; Quad Cities 0 - Wausau 2
BOTTOM OF THE 2ND
Wausau Timbers batting - Pitching for Quad Cities Angels : LHP Mike Foster
Batting: RHB John Pignotti 0-0: Called Strike
0-1: SOLO HOME RUN (Flyball, 7D, EV 90.6 MPH), Distance : 373 ft
Batting: SHB Herman Lewis 0-0: Called Strike
0-1: Called Strike
0-2: Ball
1-2: Foul Ball, location: 2F
1-2: Fly out, F7 (Flyball, 7S, EV 92.5 MPH)
Batting: LHB Rodney Nealeigh 0-0: Ball
1-0: Called Strike
1-1: Swinging Strike
1-2: Foul Ball, location: 2F
1-2: Strikes out swinging
Batting: RHB Rich Renteria 0-0: Ball
1-0: Ground out 4-3 (Groundball, 4S, EV 66.9 MPH)
Bottom of the 2nd over - 1 run, 1 hit, 0 errors, 0 left on base; Quad Cities 0 - Wausau 3
TOP OF THE 3RD
Quad Cities Angels batting - Pitching for Wausau Timbers : RHP Mario Duran
Batting: SHB Danny Montero 0-0: Called Strike
0-1: Ball
1-1: Ball
2-1: Ball
3-1: Base on Balls
Batting: RHB Oscar Mejia 0-0: Ball
1-0: SINGLE (Groundball, 6MD, EV 100.0 MPH)
Danny Montero to second
Runner from 2nd tries for 3rd, SAFE, throw by CF made to third
Oscar Mejia to second
Batting: RHB Bruce Benedict 0-0: Ball
1-0: Called Strike
1-1: Ball
2-1: Ball
3-1: Base on Balls
Batting: SHB Frank Diaz 0-0: Called Strike
0-1: Ball
1-1: Foul Ball, location: 2F
1-2: Ball
2-2: TRIPLE (Groundball, 3L, EV 103.1 MPH)
Danny Montero scores
Oscar Mejia scores
Bruce Benedict scores
Pinch Runner at 3rd Matteo Allucingoli:
Batting: RHB Rolando Roomes 0-0: Ball
1-0: Called Strike
1-1: Fly out, F8 (Line Drive, 8LD, EV 88.8 MPH)
Batting: RHB Dionisio DeJesus 0-0: Called Strike
0-1: Ball
1-1: Called Strike
1-2: Foul Ball, location: 2F
1-2: Ground out 6-3 (Groundball, 6, EV 80.0 MPH)
Matteo Allucingoli scores
Batting: LHB Bob Helsom 0-0: Ball
1-0: Ball
2-0: Foul Ball, location: 2F
2-1: Foul Ball, location: 2F
2-2: Ground out 5-3 (Groundball, 5D, EV 82.5 MPH)
Top of the 3rd over - 4 runs, 2 hits, 0 errors, 0 left on base; Quad Cities 4 - Wausau 3
BOTTOM OF THE 3RD
Wausau Timbers batting - Pitching for Quad Cities Angels : LHP Mike Foster
Now at 2B: Brian Butera
Batting: LHB Tom M Foley 0-0: Ground out U3 (Groundball, 3L, EV 91.3 MPH)
Batting: RHB Douglas Davis 0-0: Swinging Strike
0-1: Called Strike
0-2: Fly out, F9 (Flyball, 89D, EV 101.3 MPH)
Batting: SHB James Flores 0-0: Ball
1-0: Swinging Strike
1-1: Ball
2-1: Ball
3-1: Foul Ball, location: 2F
3-2: Base on Balls
Batting: RHB Jeffrey Young 0-0: Ball
1-0: 2-RUN HOME RUN (Flyball, 78XD, EV 108.1 MPH), Distance : 429 ft
Batting: RHB Bruce Chaney 0-0: DOUBLE (Flyball, 89XD, EV 100.6 MPH)
Batting: RHB John Pignotti 0-0: Ball
1-0: Ball
2-0: Called Strike
2-1: Swinging Strike
2-2: Foul Ball, location: 2F
2-2: Ball
3-2: Foul Ball, location: 2F
3-2: Foul Ball, location: 2F
3-2: Base on Balls
Batting: SHB Herman Lewis 0-0: Fielders Choice at 2nd, 6-4 (Groundball, 6, EV 105.0 MPH)
Bottom of the 3rd over - 2 runs, 2 hits, 0 errors, 2 left on base; Quad Cities 4 - Wausau 5
TOP OF THE 4TH
Quad Cities Angels batting - Pitching for Wausau Timbers : RHP Mario Duran
Batting: LHB Chuck Sandberg 0-0: Ball
1-0: Swinging Strike
1-1: Ball
2-1: Ball
3-1: Base on Balls
Batting: RHB Mike Sharperson 0-0: Foul Ball, location: 2F
0-1: Ball
1-1: Ball
2-1: Ball
3-1: Base on Balls
Chuck Sandberg to second
Batting: SHB Danny Montero 0-0: Foul Ball, location: 2F
0-1: Ball
1-1: SINGLE (Groundball, 4MS, EV 70.0 MPH) (infield hit)
Chuck Sandberg to third
Mike Sharperson to second
Batting: RHB Oscar Mejia 0-0: Ball
1-0: Ball
2-0: Ball
3-0: Called Strike
3-1: SINGLE (Flyball, 4MD, EV 95.0 MPH)
Chuck Sandberg scores
Mike Sharperson to third
Danny Montero to second
Batting: RHB Bruce Benedict 0-0: DOUBLE (Groundball, 5L, EV 97.5 MPH)
Mike Sharperson scores
Danny Montero scores
Oscar Mejia to third
Pitching: RHP Daniel Pierce
Batting: SHB Brian Butera 0-0: Ball
1-0: Ball
2-0: Called Strike
2-1: SINGLE (Line Drive, 8RS, EV 103.1 MPH)
Oscar Mejia scores
Bruce Benedict to third
Batting: RHB Rolando Roomes 0-0: Ball
1-0: Fly out, F9 (Flyball, 9S, EV 89.4 MPH)
Batting: RHB Dionisio DeJesus 0-0: Called Strike
0-1: Ball
1-1: Ball
2-1: Foul Ball, location: 2F
2-2: Ball
3-2: Foul Ball, location: 2F
3-2: Base on Balls
Brian Butera to second
Batting: LHB Bob Helsom 0-0: Ball
1-0: Ball
2-0: Called Strike
2-1: Ball
3-1: Base on Balls
Bruce Benedict scores
Brian Butera to third
Dionisio DeJesus to second
Batting: LHB Chuck Sandberg 0-0: Ball
1-0: Ball
2-0: Foul Ball, location: 2F
2-1: Swinging Strike
2-2: Foul Ball, location: 2F
2-2: SINGLE (Groundball, 6MD, EV 97.5 MPH)
Brian Butera scores
Dionisio DeJesus to third
Bob Helsom to second
Runner from 3rd tries for Home, SAFE, throw by CF to home
Batting: RHB Mike Sharperson 0-0: Swinging Strike
0-1: Ball
1-1: DOUBLE (Groundball, 5L, EV 97.5 MPH)
Bob Helsom scores
Chuck Sandberg to third
Runner from 3rd tries for Home, SAFE, no throw by LF
Batting: SHB Danny Montero 0-0: Ball
1-0: Called Strike
1-1: Called Strike
1-2: Foul Ball, location: 2F
1-2: Ball
2-2: Foul Ball, location: 2F
2-2: Foul Ball, location: 2F
2-2: Ground out 6-3 (Groundball, 6M, EV 108.1 MPH)
Mike Sharperson to third
Batting: RHB Oscar Mejia 0-0: Foul Ball, location: 2F
0-1: Ball
1-1: Swinging Strike
1-2: Ball
2-2: Ball
3-2: Fly out, F7 (Flyball, 78XD, EV 105.0 MPH)
Top of the 4th over - 9 runs, 6 hits, 0 errors, 1 left on base; Quad Cities 13 - Wausau 5
BOTTOM OF THE 4TH
Wausau Timbers batting - Pitching for Quad Cities Angels : LHP Mike Foster
Batting: LHB Rodney Nealeigh 0-0: Swinging Strike
0-1: Foul Ball, location: 2F
0-2: Ball
1-2: Ball
2-2: Foul Ball, location: 2F
2-2: Ball
3-2: Strikes out swinging
Batting: RHB Rich Renteria 0-0: Called Strike
0-1: Fly out, F9 (Flyball, 9LS, EV 91.9 MPH)
Batting: LHB Tom M Foley 0-0: Fly out, F7 (Flyball, 7D, EV 93.8 MPH)
Bottom of the 4th over - 0 runs, 0 hits, 0 errors, 0 left on base; Quad Cities 13 - Wausau 5
TOP OF THE 5TH
Quad Cities Angels batting - Pitching for Wausau Timbers : RHP Daniel Pierce
Batting: RHB Bruce Benedict 0-0: Fly out, F8 (Flyball, 78D, EV 103.1 MPH)
Batting: SHB Brian Butera 0-0: Swinging Strike
0-1: Foul Ball, location: 2F
0-2: Ball
1-2: Foul Ball, location: 2F
1-2: Ball
2-2: Foul Ball, location: 2F
2-2: Foul Ball, location: 2F
2-2: Strikes out swinging
Batting: RHB Rolando Roomes 0-0: Called Strike
0-1: Ball
1-1: Ball
2-1: Foul Ball, location: 2F
2-2: Foul Ball, location: 2F
2-2: TRIPLE (Line Drive, 9D, EV 102.5 MPH)
Batting: RHB Dionisio DeJesus 0-0: SINGLE (Line Drive, 34D, EV 108.8 MPH)
Rolando Roomes scores
Pitching: RHP Robert Tenenini
Batting: LHB Bob Helsom 0-0: Called Strike
0-1: Ball
1-1: Ground out U3 (Groundball, 3, EV 86.9 MPH)
Top of the 5th over - 1 run, 2 hits, 0 errors, 1 left on base; Quad Cities 14 - Wausau 5
BOTTOM OF THE 5TH
Wausau Timbers batting - Pitching for Quad Cities Angels : LHP Mike Foster
Batting: RHB Douglas Davis 0-0: Fly out, F3 (Popup, 3S, EV 73.1 MPH)
Batting: SHB James Flores 0-0: Swinging Strike
0-1: Foul Ball, location: 2F
0-2: Ball
1-2: Ball
2-2: Foul Ball, location: 2F
2-2: Ground out 5-3 (Groundball, 56, EV 81.3 MPH)
Batting: RHB Jeffrey Young 0-0: Ball
1-0: Foul Ball, location: 2F
1-1: Ball
2-1: Called Strike
2-2: Ground out 4-3 (Groundball, 4S, EV 89.4 MPH)
Bottom of the 5th over - 0 runs, 0 hits, 0 errors, 0 left on base; Quad Cities 14 - Wausau 5
TOP OF THE 6TH
Quad Cities Angels batting - Pitching for Wausau Timbers : RHP Robert Tenenini
Batting: LHB Chuck Sandberg 0-0: Ball
1-0: Ball
2-0: Ball
3-0: Called Strike
3-1: Base on Balls
Batting: RHB Mike Sharperson 0-0: Ball
1-0: Ball
2-0: Ball
3-0: Base on Balls
Chuck Sandberg to second
Batting: SHB Danny Montero 0-0: Ball
1-0: Foul Ball, location: 2F
1-1: Reached on error, E4 (Flyball, 4MD, EV 92.5 MPH)
Chuck Sandberg to third
Mike Sharperson to second
Batting: RHB Oscar Mejia 0-0: Ball
1-0: Ball
2-0: Called Strike
2-1: Called Strike
2-2: SINGLE (Groundball, 34D, EV 108.8 MPH)
Chuck Sandberg scores
Mike Sharperson to third
Danny Montero to second
Batting: RHB Bruce Benedict 0-0: Ball
1-0: Called Strike
1-1: Foul Ball, location: 2F
1-2: Grounds into double play, 4-6-3 (Groundball, 34, EV 78.1 MPH)
Mike Sharperson scores
Danny Montero to third
Batting: SHB Brian Butera 0-0: Swinging Strike
0-1: Foul Ball, location: 2F
0-2: Ball
1-2: Ball
2-2: Foul Ball, location: 2F
2-2: Ball
3-2: DOUBLE (Line Drive, 78D, EV 105.6 MPH)
Danny Montero scores
Batting: RHB Rolando Roomes 0-0: Ground out 5-3 (Groundball, 5, EV 82.5 MPH)
Top of the 6th over - 3 runs, 2 hits, 1 error, 1 left on base; Quad Cities 17 - Wausau 5
BOTTOM OF THE 6TH
Wausau Timbers batting - Pitching for Quad Cities Angels : LHP Mike Foster
Batting: RHB Bruce Chaney 0-0: Ball
1-0: Called Strike
1-1: Foul Ball, location: 2F
1-2: Ball
2-2: Foul Ball, location: 2F
2-2: Foul Ball, location: 2F
2-2: Ball
3-2: Base on Balls
Batting: RHB John Pignotti 0-0: Called Strike
0-1: Ball
1-1: DOUBLE (Groundball, 5L, EV 105.0 MPH)
Bruce Chaney to third
Runner from 3rd tries for Home, SAFE, no throw by LF
Pitching: RHP David Trout
Batting: SHB Herman Lewis 0-0: Ball
1-0: SINGLE (Groundball, 34D, EV 107.5 MPH)
John Pignotti to third
Batting: LHB Rodney Nealeigh 0-0: Ball
Herman Lewis steals 2nd base
1-0: Ball
2-0: Ground out 4-3 (Groundball, 4, EV 97.5 MPH)
John Pignotti scores
Herman Lewis to third
Batting: RHB Rich Renteria 0-0: Ground out 4-3 (Groundball, 4, EV 106.3 MPH)
Herman Lewis scores
Batting: LHB Tom M Foley 0-0: Ball
1-0: Fly out, F6 (Popup, 6MD, EV 73.8 MPH)
Bottom of the 6th over - 3 runs, 2 hits, 0 errors, 0 left on base; Quad Cities 17 - Wausau 8
TOP OF THE 7TH
Quad Cities Angels batting - Pitching for Wausau Timbers : RHP Robert Tenenini
Batting: RHB Dionisio DeJesus 0-0: Swinging Strike
0-1: Fly out, F8 (Flyball, 89D, EV 78.1 MPH)
Batting: LHB Bob Helsom 0-0: Ball
1-0: Foul Ball, location: 2F
1-1: Swinging Strike
1-2: Foul Ball, location: 2F
1-2: Foul Ball, location: 2F
1-2: Ball
2-2: Ball
3-2: Base on Balls
Pitching: RHP Alan Holbrook
Batting: LHB Chuck Sandberg 0-0: Ball
1-0: Called Strike
1-1: Foul Ball, location: 2F
1-2: Fly out, F8 (Flyball, 89D, EV 110.0 MPH)
Batting: RHB Mike Sharperson 0-0: Ball
1-0: Called Strike
1-1: SINGLE (Groundball, 25, EV 73.1 MPH) (infield hit)
Bob Helsom to second
Batting: SHB Danny Montero 0-0: Ball
1-0: Ball
2-0: Called Strike
2-1: Ball
3-1: Foul Ball, location: 2F
3-2: Strikes out swinging
Top of the 7th over - 0 runs, 1 hit, 0 errors, 2 left on base; Quad Cities 17 - Wausau 8
BOTTOM OF THE 7TH
Wausau Timbers batting - Pitching for Quad Cities Angels : RHP David Trout
Pinch Hitting: RHB John Nicolo 0-0: Ball
1-0: Fly out, F9 (Flyball, 9LM, EV 91.9 MPH)
Batting: SHB James Flores 0-0: Foul Ball, location: 2F
0-1: Ball
1-1: Ball
2-1: Foul Ball, location: 2F
2-2: Ground out 6-3 (Groundball, 6, EV 88.8 MPH)
Batting: RHB Jeffrey Young 0-0: Foul Ball, location: 2F
0-1: Foul Ball, location: 2F
0-2: Fly out, F6 (Popup, 6MD, EV 53.1 MPH)
Bottom of the 7th over - 0 runs, 0 hits, 0 errors, 0 left on base; Quad Cities 17 - Wausau 8
TOP OF THE 8TH
Quad Cities Angels batting - Pitching for Wausau Timbers : RHP Alan Holbrook
Now at 1B: Jerry Morton
Batting: RHB Oscar Mejia 0-0: DOUBLE (Line Drive, 7LD, EV 95.6 MPH)
Batting: RHB Bruce Benedict 0-0: Ball
1-0: Foul Ball, location: 2F
1-1: Ball
2-1: Ground out 1-3 (Groundball, 15S, EV 67.5 MPH)
Batting: SHB Brian Butera 0-0: Ball
1-0: Ground out 6-3 (Groundball, 6, EV 88.1 MPH)
Batting: RHB Rolando Roomes 0-0: Fly out, F8 (Flyball, 78S, EV 88.1 MPH)
Top of the 8th over - 0 runs, 1 hit, 0 errors, 1 left on base; Quad Cities 17 - Wausau 8
BOTTOM OF THE 8TH
Wausau Timbers batting - Pitching for Quad Cities Angels : RHP David Trout
Batting: RHB Bruce Chaney 0-0: Ball
1-0: Ball
2-0: Called Strike
2-1: Ball
3-1: Base on Balls
Batting: RHB John Pignotti 0-0: SINGLE (Groundball, 56D, EV 101.9 MPH)
Bruce Chaney to second
Batting: SHB Herman Lewis 0-0: Called Strike
0-1: Called Strike
0-2: Ball
1-2: Foul Ball, location: 2F
1-2: Ball
2-2: Ball
3-2: Foul Ball, location: 2F
3-2: Reached via error on a dropped throw from 2B, E6 (Groundball, 4, EV 94.4 MPH)
Bruce Chaney to third
John Pignotti to second
Batting: LHB Rodney Nealeigh 0-0: Ball
1-0: Called Strike
1-1: Ball
2-1: Foul Ball, location: 2F
2-2: Grounds into double play, 5-4-3 (Groundball, 56, EV 78.8 MPH)
Bruce Chaney scores
John Pignotti to third
Batting: RHB Rich Renteria 0-0: Ball
1-0: Ball
2-0: Ground out 4-3 (Groundball, 4, EV 87.5 MPH)
Bottom of the 8th over - 1 run, 1 hit, 1 error, 1 left on base; Quad Cities 17 - Wausau 9
TOP OF THE 9TH
Quad Cities Angels batting - Pitching for Wausau Timbers : RHP Alan Holbrook
Batting: RHB Dionisio DeJesus 0-0: Ball
1-0: Swinging Strike
1-1: Called Strike
1-2: Strikes out looking
Batting: LHB Bob Helsom 0-0: Called Strike
0-1: Ball
1-1: Fly out, F8 (Line Drive, 8RD, EV 103.1 MPH)
Batting: LHB Chuck Sandberg 0-0: Ball
1-0: Swinging Strike
1-1: Ball
2-1: Ball
3-1: Ground out 4-3 (Groundball, 34D, EV 85.0 MPH)
Top of the 9th over - 0 runs, 0 hits, 0 errors, 0 left on base; Quad Cities 17 - Wausau 9
BOTTOM OF THE 9TH
Wausau Timbers batting - Pitching for Quad Cities Angels : RHP David Trout
Batting: LHB Tom M Foley 0-0: Called Strike
0-1: Ball
1-1: Ball
2-1: Swinging Strike
2-2: Ball
3-2: Base on Balls
Pitching: RHP Ray Williams
Batting: LHB Jerry Morton 0-0: Ball
1-0: Foul Ball, location: 2F
1-1: Called Strike
1-2: Ball
2-2: Ball
3-2: Base on Balls
Tom M Foley to second
Batting: SHB James Flores 0-0: Ball
1-0: Foul Ball, location: 2F
1-1: Ball
2-1: Swinging Strike
2-2: Foul Ball, location: 2F
2-2: SINGLE (Line Drive, 4M, EV 95.6 MPH)
Tom M Foley to third
Jerry Morton to second
Batting: RHB Jeffrey Young 0-0: Ball
1-0: Swinging Strike
1-1: Foul Ball, location: 2F
1-2: Reached on error, E4 (Groundball, 4, EV 80.6 MPH)
Tom M Foley scores
Jerry Morton to third
James Flores to second
Batting: RHB Bruce Chaney 0-0: Called Strike
0-1: Ball
1-1: Called Strike
1-2: Strikes out swinging
Batting: RHB John Pignotti 0-0: Fly out, F2 (Popup, 3SF, EV 88.1 MPH)
Batting: SHB Herman Lewis 0-0: Foul Ball, location: 2F
0-1: Ball
1-1: Called Strike
1-2: Ball
2-2: Ball
3-2: Ground out 5-3 (Groundball, 5, EV 86.9 MPH)
Bottom of the 9th over - 1 run, 1 hit, 1 error, 3 left on base; Quad Cities 17 - Wausau 10
Friday, August 21st, 2020 - OOTP Baseball 21.5 Build 76